 Dungeon Crawl Stone Soup version 0.31.0-11-ge490571c62 (webtiles) character file.

Game seed: 830655085987013516

48 Flugkiller the Trooper (level 3, -2/34 HPs)
             Began as a Minotaur Fighter on Jan 28, 2024.
             Slain by a gnoll
             ... wielding a +0 halberd
              (11 damage)
             ... on level 2 of the Dungeon.
             The game lasted 00:00:22 (1123 turns).

Flugkiller the Trooper (Minotaur Fighter)           Turns: 1123, Time: 00:00:22

Health: -2/34      AC:  7    Str: 22    XL:     3   Next: 50%
Magic:  2/2        EV:  9    Int:  5    God:
Gold:   93         SH:  4    Dex:  9    Spells: 2/2 levels left

rFire   . . .        a - +0 war axe
rCold   . . .        c - +0 buckler
rNeg    . . .        b - +0 scale mail
rPois   .            (helmet restricted)
rElec   .            (no cloak)
rCorr   +            (no gloves)
SInv    .            (no boots)
Will    .....        (no amulet) Stlth
                     k - ring of resist corrosion
HPRegen 0.25/turn    (no ring)
MPRegen 0.08/turn

%: no passive effects
@: mighty
A: horns 2, retaliatory headbutt
a: no special abilities


You were on level 2 of the Dungeon.
You visited 1 branch of the dungeon, and saw 2 of its levels.

You collected 93 gold pieces.

Inventory:

Hand Weapons
 a - a +0 war axe (weapon)
Armour
 b - a +0 scale mail (worn)
 c - a +0 buckler (worn)
Jewellery
 k - a ring of resist corrosion (left hand)
   (You found it on level 1 of the Dungeon)
Scrolls
 f - 2 scrolls of identify {unknown}
 h - a scroll of noise {unknown}
 i - a scroll of poison {unknown}
Potions
 e - a potion of mutation {unknown}
 g - a potion of heal wounds {unknown}


   Skills:
 * Level 4.3 Fighting
 * Level 3.4 Axes
 + Level 4.0 Armour
 + Level 4.0 Shields


You had 2 spell levels left.
You didn't know any spells.
Your spell library contained the following spells:

 Spells                   Type           Power      Damage    Failure   Level
 Ensorcelled Hibernation  Hex/Ice        0%         N/A       94%         2
 Passwall                 Erth           0%         N/A       99%         3
 Swiftness                Air            0%         N/A       99%         3


Dungeon Overview and Level Annotations

Branches:
Dungeon (2/15)

Altars:


Innate Abilities, Weirdness & Mutations

You have a pair of horns on your head.
You reflexively headbutt those who attack you in melee.


Message History

The ribbon worm moves out of view.
No target in view!
A hobgoblin comes into view.
The hobgoblin shouts!
There are monsters nearby!
The ribbon worm expels a string of sticky webbing.
The stream of webbing hits you but does no damage.
You are caught in a web!
There is a web here.
The web tears apart.
You hit the hobgoblin.
You kill the hobgoblin!
You barely miss the ribbon worm. Your headbutt misses the ribbon worm.
The ribbon worm expels a string of sticky webbing.
The stream of webbing hits you but does no damage.
You are caught in a web!
You struggle to detach yourself from the web.
The ribbon worm expels a string of sticky webbing.
The stream of webbing hits you but does no damage.
You are even more entangled.
You struggle to detach yourself from the web.
The ribbon worm bites you but does no damage.
You struggle to detach yourself from the web.
The ribbon worm bites you but does no damage.
You struggle to detach yourself from the web.
You struggle to detach yourself from the web.
The ribbon worm expels a string of sticky webbing.
The stream of webbing hits you but does no damage.
You are even more entangled.
A gnoll comes into view. It is wielding a +0 spear.
There are monsters nearby!
You struggle to detach yourself from the web.
The gnoll shouts!
The ribbon worm completely misses you. You furiously retaliate!
You headbutt the ribbon worm.
There are monsters nearby!
The web tears apart.
You block the ribbon worm's attack.
You slash the ribbon worm!
You headbutt the ribbon worm, but do no damage.
The ribbon worm is heavily wounded.
A kobold comes into view. It is wielding a +0 whip.
The ribbon worm bites you.
The kobold shouts!
You slash the ribbon worm!
You kill the ribbon worm!
The gnoll hits you from afar with a +0 spear.
A gnoll comes into view. It is wielding a +1 vampiric whip.
The gnoll hits you with a +0 spear.
You closely miss the gnoll.
The gnoll shouts!
Your headbutt misses the gnoll.
You hear a shout!
The gnoll hits you but does no damage. The gnoll hits you with a +0 spear.
You barely miss the gnoll. Your headbutt misses the gnoll.
The gnoll barely misses you.
You slash the gnoll! You headbutt the gnoll.
You kill the gnoll!
Your Shields skill increases to level 4!
You have reached level 3!
Your experience leads to an increase in your attributes!
Increase (s)trength, (i)ntelligence, or (d)exterity?
You feel stronger. x2
You slash the kobold!
You kill the kobold!
A gnoll comes into view. It is wielding a +0 halberd.
The gnoll shouts!
You hit the gnoll.
The gnoll is moderately wounded.
The gnoll hits you with a +1 vampiric whip.
The gnoll draws strength from your wounds!
You hit the gnoll. You headbutt the gnoll.
You kill the gnoll!
A gnoll comes into view. It is wielding a +0 club.
The gnoll hits you from afar with a +0 halberd.
Your Armour skill increases to level 4!
The gnoll hits you but does no damage. The gnoll barely misses you.
You barely miss the gnoll. Your headbutt misses the gnoll.
The gnoll hits you with a +0 club. You block the gnoll's attack.
The gnoll hits you from afar with a +0 halberd!
You block the gnoll's attack.
Items here: ))) †.
You barely miss the gnoll. The gnoll hits you with a +0 club.
You closely miss the gnoll. You headbutt the gnoll.
The gnoll is moderately wounded.
The gnoll hits you from afar with a +0 halberd.
You block the gnoll's attack.
The gnoll hits you from afar with a +0 halberd.
You are too injured to fight recklessly!
The gnoll attacks as it pursues you!
The gnoll hits you from afar with a +0 halberd.
* * * LOW HITPOINT WARNING * * *
The gnoll attacks as it pursues you! The gnoll barely misses you.
You feel very mighty all of a sudden. The gnoll hits you but does no damage.
You slash the gnoll!
You kill the gnoll!
You block the gnoll's attack.
The gnoll hits you from afar with a +0 halberd!
You die...

### ###.. .
....♣ ♣ ...♣ ♣
#..♣ ♣ #..♣ ♣
##.†♣ ♣
#..######...♣♣
♣♣
#.....@)g....♣♣
♣♣.
##.######.....♣♣
♣♣.. ##.##..♣♣
♣♣..#
#.##...♣♣♣..##
#.##.#.....###
#.##..........
#.############
#.#######.....
........####


You could see a gnoll.

Vanquished Creatures
  3 gnolls (D:2)
  2 ribbon worms (D:2)
  2 bats
  2 endoplasms (D:1)
  A giant cockroach (D:1)
  A goblin (D:1)
  4 hobgoblins
  4 kobolds
  3 ball pythons (D:1)
  A rat (D:2)
23 creatures vanquished.

Notes
Turn   | Place    | Note
-------+----------+-------------------------------------------
     0 | D:1      | Flugkiller the Minotaur Fighter began the quest for the
                  | Orb.
     0 | D:1      | Reached XP level 1. HP: 19/19 MP: 0/0
   207 | D:1      | Reached XP level 2. HP: 27/27 MP: 1/1
  1111 | D:2      | Reached XP level 3. HP: 26/33 MP: 2/2
  1123 | D:2      | Slain by a gnoll

Illustrated notes

Levels and vault maps discovered:
D:1:      pf_arrival_petrified_forest, layout_loops_corners
D:2:      layout_loops_ring, dilly_ecumenical_altar_fadedgnrine, minmay_circle_x

Skill      XL: |  1  2  3 |
---------------+----------+-----
Axes           | 3 |  3.4
Fighting       | 4 |  4.3
Shields        | 4 |  4.0
Armour         | 4 |  4.0

Action                     || total
---------------------------++-------
  Melee: War axe           ||    44
         Headbutt          ||    10
    Use: Potion            ||     1
 Armour: Scale mail        ||    38
  Dodge: Dodged            ||    17
  Block: Buckler           ||    13
